 Dungeon Sprint DCSS version 0.19-a0-713-g934ebc7 (webtiles) character file.

27010 Groucho the Peltast (level 13, 0/119 HPs)
             Began as a Formicid Fighter on June 19, 2016.
             Was the Champion of Qazlal.
             Slain by a death ooze (7 damage)
             ... in the Dungeon (Sprint V: "Ziggurat Sprint").
             The game lasted 00:11:48 (1453 turns).

Groucho the Peltast (Formicid Fighter)              Turns: 1453, Time: 00:11:48

Health: 0/119      AC: 34    Str: 39    XL:     13   Next: 62%
Magic:  22/25      EV: 10    Int:  8    God:    Qazlal [******]
Gold:   0          SH:  0    Dex: 20    Spells: 0 memorised, 12 levels left

rFire  + + .     SeeInvis +     H - +8 lance "Wyrmbane" {slay drac, +Rage rPois rF+ AC+5}
rCold  + . .     Gourm    .     a - +5 gold dragon armour
rNeg   + + .     Faith    .     G - +18 shield of the Gong {rElec rN+ MR+ EV-5}
rPois  +         Spirit   .     (helmet unavailable)
rElec  +         Dismiss  .     (no cloak)
rCorr  .         Reflect  .     (no gloves)
SustAt .         Harm     .     (no boots)
MR     ++...                    N - macabre finger necklace {rN+}
Stlth  ..........               z - +6 ring of strength
                                y - +6 ring of strength
                                u - +6 ring of dexterity

@: confused, mighty, protected from physical damage, repel missiles, very
resistant to hostile enchantments, extremely unstealthy
A: permanent stasis, dig shafts and tunnels, four strong arms, antennae 3
a: Dig, Upheaval, Elemental Force, Disaster Area, Renounce Religion


You were in the Dungeon.
You worshipped Qazlal.
Qazlal was exalted by your worship.
You were not hungry.

You visited 1 branch

Inventory:

Hand Weapons
 E - the cursed +14 obsidian axe {chop, +Fly Str+3 SInv *Curse}
   (You found it in the Dungeon)

   It inflicts extra damage upon your enemies.
   It affects your strength (+3).
   It lets you see invisible.
   It lets you fly.
   It may re-curse itself when equipped.
   It has a curse placed upon it.
 H - the +8 lance "Wyrmbane" (weapon) {slay drac, +Rage rPois rF+ AC+5}
   (You found it in the Dungeon)

   It affects your AC (+5).
   It protects you from fire.
   It protects you from poison.
   It lets you go berserk.
 I - the cursed +13 scythe of Curses {drain, *Curse}
   (You found it in the Dungeon)

   A truly terrible weapon, it drains the life of those it strikes.
   It may re-curse itself when equipped.
   It has a curse placed upon it.
 J - a +5 bardiche
 K - a +5 demon trident
Armour
 a - a +5 gold dragon armour (worn)
 F - the +15 Maxwell's patent armour {-Cast -Tele rElec MR+ rCorr}
   (You found it in the Dungeon)

   It insulates you from electricity.
   It affects your resistance to hostile enchantments.
   It prevents spellcasting.
   It prevents most forms of teleportation.
   It protects you from acid and corrosion.
 G - the +18 shield of the Gong (worn) {rElec rN+ MR+ EV-5}
   (You found it in the Dungeon)

   It affects your evasion (-5).
   It insulates you from electricity.
   It protects you from negative energy.
   It affects your resistance to hostile enchantments.
Rods
 O - a +8 iron rod (12/12)
   (You found it in the Dungeon)
Jewellery
 u - a +6 ring of dexterity (on amulet)
 v - a +6 ring of dexterity
 w - a +6 ring of intelligence
 x - a +6 ring of intelligence
 y - a +6 ring of strength (left hand)
 z - a +6 ring of strength (right hand)
 L - an uncursed ring of protection from fire
 N - the macabre finger necklace (around neck) {rN+}
   (You found it in the Dungeon)

   [amulet of nothing]

   It protects you from negative energy.
Wands
 A - a wand of disintegration (7/24)
 B - a wand of iceblast (5/15)
 C - a wand of lightning (5/15)
 D - a wand of acid (5/15)
Scrolls
 l - 4 scrolls of amnesia
 m - 3 scrolls of recharging
 n - 7 scrolls of fog
 o - a scroll of holy word
 p - 5 scrolls of identify
 q - 5 scrolls of remove curse
 r - 2 scrolls of fear
 M - 4 scrolls of enchant weapon
Potions
 b - 2 potions of brilliance
 c - 2 potions of invisibility
 d - 5 potions of might
 e - 9 potions of curing
 g - 9 potions of heal wounds
 h - 4 potions of resistance
 i - 7 potions of magic
 j - a potion of experience
 k - 5 potions of agility
Comestibles
 f - 4 bread rations
 s - 42 fruits
 t - 4 meat rations


   Skills:
 * Level 16.6 Fighting
 * Level 11.4 Polearms
 * Level 16.7 Armour
 + Level 10.4 Dodging
 + Level 17.8 Shields
 * Level 17.6 Invocations


You had 12 spell levels left.
You didn't know any spells.

Dungeon Overview and Level Annotations

Branches:
Dungeon (1/1)

Altars:
Ashenzari
Cheibriados
Dithmenos
Elyvilon
Fedhas
Gozag
Hepliaklqana
Kikubaaqudgha
Makhleb
Nemelex Xobeh
Okawaru
Pakellas
Qazlal
Ru
Sif Muna
Trog
Uskayaw
Vehumet
Xom
Yredelemnul
Zin
The Shining One
Beogh
Jiyva
Lugonu


Innate Abilities, Weirdness & Mutations

You are under a permanent stasis effect.
You can dig through walls and to a lower floor.
Your four strong arms can wield two-handed weapons with a shield.
You have a pair of large antennae on your head. (SInv)


Message History

The ooze is engulfed in roaring flames.
You kill the ooze!
Qazlal accepts your kill.
The death ooze hits you but does no damage. x2
The azure jelly hits you but does no damage.
The azure jelly barely misses you.
The azure jelly hits you but does no damage. x2
The jelly is engulfed in roaring flames.
You kill the jelly!
Qazlal accepts your kill.
Unknown command.
Your gold dragon armour prevents you from hitting the death ooze.
The golden eye blinks at you. You resist with almost no effort.
The death ooze hits you but does no damage. x3
The death ooze hits you.
* * * LOW HITPOINT WARNING * * *
The death ooze hits you but does no damage.
The death ooze hits you!
You die...

▓...|....▓..
▓..:}.=|.)..▓.▓).).▓.▓.▓
▓....:=[....▓....†...▓..
▓...........▓▓▓▓▓▓▓▓▓▓▓▓
▓...........▓...8©8...▓.
▓...........▓..):|:...▓.
▓....§.G....▓...[):...▓.
▓....§JJJ§..▓....†.†..▓.
▓.....J@J...▓.........▓.
▓....§.§G§..▓.....)...▓.
▓....G.§.§..▓.........▓.
▓▓▓▓▓▓▓▓▓▓▓▓▓...††....▓.
▓....8©8....▓....(....▓.
▓...):(:=)..▓▓▓▓▓▓▓▓▓▓▓▓
▓...|(())...▓...8©8...▓.
▓..))))()(..▓..):=[}..▓.
▓...........▓...:}=...▓.


You could see an azure jelly, a large slime creature, a shining eye, 3 death
oozes and 2 golden eyes.

Vanquished Creatures
  3 deep elf master archers (D)
  A deep elf blademaster (D)
  A tentacled starspawn (D)
  A frost giant (D)
  2 stone giants (D)
  2 deep elf annihilators (D)
  A merfolk javelineer (D)
  A deep elf high priest (D)
  A dancing weapon (D)
  A sun demon (D)
  An unseen horror (D)
  A deep elf archer (D)
  9 cyclopes (D)
  A rust devil (D)
  An orange demon (D)
  3 yaktaurs (D)
  A hellwing (D)
  2 ice devils (D)
  A troll (D)
  5 merfolk (D)
  2 two-headed ogres (D)
  A slime creature (D)
  An air elemental (D)
  Sigmund (D)
  A water elemental (D)
  2 fire elementals (D)
  5 hippogriffs (D)
  An eye of draining (D)
  A necrophage (D)
  A phantom (D)
  2 ogres (D)
  2 centaurs (D)
  Blork the orc (D)
  An earth elemental (D)
  Dowan (D)
  A wight (D)
  2 crimson imps (D)
  2 quasits (D)
  2 jellies (D)
  2 orc priests (D)
  2 iron imps (D)
  Crazy Yiuf (D)
  Jessica (D)
  A sheep (D)
  A shadow imp (D)
  3 white imps (D)
  An ufetubus (D)
  An ooze (D)
  2 orcs (D)
  3 bat zombies (D)
  A giant gecko zombie (D)
  2 quokka skeletons (D)
  A fire vortex (D)
  3 starspawn tentacles (D)
94 creatures vanquished.

Vanquished Creatures (others)
  A starspawn tentacle (D)
  18 starspawn tentacle segments (D)
19 creatures vanquished.

Grand Total: 113 creatures vanquished

Notes
Turn   | Place    | Note
--------------------------------------------------------------
     0 | D        | Groucho the Formicid Fighter began the quest for the Orb.
     0 | D        | Reached XP level 1. HP: 18/18 MP: 1/1
    19 | D        | Found a shimmering altar of Xom.
    22 | D        | Found a blossoming altar of Fedhas.
    22 | D        | Found a viscous altar of Jiyva.
    22 | D        | Found a snail-covered altar of Cheibriados.
    22 | D        | Found a roughly hewn altar of Beogh.
    22 | D        | Found a corrupted altar of Lugonu.
    22 | D        | Found a white marble altar of Elyvilon.
    24 | D        | Found a deep blue altar of Sif Muna.
    24 | D        | Found a burning altar of Makhleb.
    24 | D        | Found a bloodstained altar of Trog.
    24 | D        | Found an iron altar of Okawaru.
    24 | D        | Found a sparkling altar of Nemelex Xobeh.
    24 | D        | Found a radiant altar of Vehumet.
    75 | D        | Became a worshipper of Qazlal Stormbringer
    98 | D        | Entered arena 1.
    98 | D        | Noticed an iron imp
    98 | D        | Noticed a quasit
   105 | D        | Killed a quasit
   105 | D        | Reached skill level 1 in Dodging
   105 | D        | Reached XP level 2. HP: 26/26 MP: 2/4
   105 | D        | Reached XP level 3. HP: 31/31 MP: 2/5
   113 | D        | Reached skill level 5 in Fighting
   113 | D        | Reached skill level 5 in Shields
   113 | D        | Reached XP level 4. HP: 39/39 MP: 2/6
   146 | D        | Entered arena 2.
   146 | D        | Noticed a fire elemental
   146 | D        | Noticed a fire elemental
   156 | D        | Killed a fire elemental
   156 | D        | Reached skill level 5 in Invocations
   156 | D        | Reached XP level 5. HP: 40/47 MP: 6/9
   156 | D        | Reached XP level 6. HP: 45/53 MP: 6/10
   162 | D        | Killed a fire elemental
   215 | D        | Entered arena 3.
   217 | D        | Reached * piety under Qazlal
   224 | D        | Reached ** piety under Qazlal
   227 | D        | Reached XP level 7. HP: 61/61 MP: 12/12
   234 | D        | Entered arena 4.
   242 | D        | Reached skill level 5 in Polearms
   243 | D        | Reached *** piety under Qazlal
   251 | D        | Got the ring "Moiler" {*Confuse rElec rPois Int+5 Dex+3}
   253 | D        | Entered arena 5.
   253 | D        | Noticed Sigmund
   253 | D        | Noticed Jessica
   253 | D        | Noticed Blork the orc
   253 | D        | Noticed Crazy Yiuf
   253 | D        | Noticed Dowan
   258 | D        | Killed Crazy Yiuf
   259 | D        | Killed Jessica
   263 | D        | Killed Dowan
   266 | D        | Killed Blork the orc
   267 | D        | Killed Sigmund
   267 | D        | Reached XP level 8. HP: 48/70 MP: 1/14
   272 | D        | Got the ring "Akuhunkar" {+Inv rPois}
   369 | D        | Entered arena 6.
   369 | D        | Noticed an unseen horror
   369 | D        | Noticed a tentacled starspawn
   371 | D        | Reached **** piety under Qazlal
   373 | D        | Killed a tentacled starspawn
   373 | D        | Reached skill level 10 in Armour
   373 | D        | Reached XP level 9. HP: 81/81 MP: 3/17
   377 | D        | Killed an unseen horror
   377 | D        | Reached XP level 10. HP: 88/88 MP: 3/18
   566 | D        | Entered arena 7.
   566 | D        | Noticed a cyclops
   570 | D        | Reached ***** piety under Qazlal
   571 | D        | Killed a cyclops
   763 | D        | Entered arena 8.
   781 | D        | Entered arena 9.
   781 | D        | Noticed a rust devil
   781 | D        | Noticed an ice devil
   781 | D        | Noticed an ice devil
   781 | D        | Noticed a sun demon
   781 | D        | Noticed an orange demon
   788 | D        | Killed an ice devil
   796 | D        | Killed an ice devil
   796 | D        | Reached XP level 11. HP: 94/96 MP: 3/20
   800 | D        | Killed a sun demon
   816 | D        | Reached ****** piety under Qazlal
  1007 | D        | Entered arena 10.
  1038 | D        | Entered arena 11.
  1038 | D        | Noticed a deep elf archer
  1038 | D        | Noticed a deep elf high priest
  1038 | D        | Noticed a deep elf annihilator
  1038 | D        | Noticed a flail of protection
  1039 | D        | Noticed a deep elf blademaster
  1039 | D        | Noticed a deep elf annihilator
  1039 | D        | Noticed a deep elf master archer
  1040 | D        | Killed a flail of protection
  1040 | D        | Killed a deep elf high priest
  1040 | D        | Killed a deep elf archer
  1040 | D        | Killed a deep elf annihilator
  1046 | D        | Killed a deep elf annihilator
  1046 | D        | Reached skill level 15 in Shields
  1046 | D        | Reached XP level 12. HP: 104/107 MP: 14/23
  1068 | D        | Killed a deep elf master archer
  1068 | D        | Reached skill level 15 in Invocations
  1081 | D        | Killed a deep elf blademaster
  1081 | D        | Reached skill level 10 in Polearms
  1300 | D        | Entered arena 12.
  1300 | D        | Noticed a stone giant
  1301 | D        | Reached skill level 15 in Armour
  1302 | D        | Reached skill level 15 in Fighting
  1303 | D        | Noticed a frost giant
  1310 | D        | Killed a stone giant
  1318 | D        | Killed a frost giant
  1318 | D        | Reached XP level 13. HP: 109/116 MP: 9/25
  1401 | D        | Entered arena 13.
  1402 | D        | Noticed a deep elf master archer
  1402 | D        | Noticed a deep elf master archer
  1402 | D        | Noticed a stone giant
  1402 | D        | Noticed a merfolk javelineer
  1404 | D        | Killed a stone giant
  1404 | D        | Killed a merfolk javelineer
  1404 | D        | Reached skill level 10 in Dodging
  1404 | D        | Killed a deep elf master archer
  1404 | D        | Killed a deep elf master archer
  1441 | D        | Entered arena 14.
  1442 | D        | Noticed a death ooze
  1442 | D        | Noticed an azure jelly
  1442 | D        | Noticed a death ooze
  1443 | D        | Noticed a death ooze
  1453 | D        | Slain by a death ooze

Vault maps used:
D:        sprint_v

Skill      XL: |  1  2  3  4  5  6  7  8  9 10 11 12 13 |
---------------+----------------------------------------+-----
Fighting       | 4 5 6 7 8 11 12 14 15 16 | 16.6
Armour         | 4 6 7 8 10 11 12 14 15 16 | 16.7
Dodging        | 1 3 4 6 7 8 9 10 | 10.4
Shields        | 4 5 7 8 9 11 12 13 15 16 17 | 17.8
Invocations    | 2 3 5 7 8 11 13 14 16 17 | 17.6
Polearms       | 3 4 5 7 8 9 10 11 | 11.4

Action                   |  1- 3 |  4- 6 |  7- 9 | 10-12 | 13-15 || total
-------------------------+-------+-------+-------+-------+-------++-------
Melee: Lance             |    15 |    26 |    22 |   115 |     5 ||   183
Invok: Upheaval          |       |       |     5 |    13 |     1 ||    19
       Disaster Area     |       |       |       |     1 |     1 ||     2
  Use: Potion            |       |       |       |       |     3 ||     3
  Eat: Bread ration      |       |       |       |     1 |       ||     1
Armor: Gold dragon armou |    13 |     9 |     4 |    34 |    30 ||    90
Dodge: Deflected         |       |       |     1 |     3 |       ||     4
       Dodged            |       |       |       |     8 |    10 ||    18
Block: Shield            |    17 |    29 |    22 |   223 |    15 ||   306
